 Dungeon Crawl Stone Soup version 0.31.0-11-ge490571c62 (webtiles) character file.

Game seed: 13525079729286134842

4477358 MollyMolluskus the Middleweight Champion (level 27, 201/201 HPs)
             Began as an Octopode Fighter on Jan 22, 2024.
             Was the Champion of Wu Jian.
             Escaped with the Orb
             ... and 6 runes on Jan 26, 2024!
             The game lasted 06:09:06 (65712 turns).

MollyMolluskus the Middleweight Champion (OpFi)    Turns: 65712, Time: 06:09:07

Health: 201/201    AC: 19    Str: 46    XL:     27
Magic:  23/23      EV: 62    Int: 13    God:    Wu Jian [******]
Gold:   3592       SH:  0    Dex: 25    Spells: 26/26 levels left

rFire   + +          .
                       - Unarmed
rCold   + + .        (shield currently unavailable)
rNeg    + + .        (helmet currently unavailable)
rPois   ∞            q - amulet of Edghaso {rF+ Regen+}
rElec   +            d - ring of positive energy
rCorr   +            Y - ring of Vehumet, Conjuring {Str+6 Dex+3}
SInv    +            L - ring "Vecwopua" {AC+4 Str+4}
Will    +++++        k - ring "Beweth Uhewk" {rF+ rN+ Str+6 Stlth-}
Stlth   ++++         O - ring "Plog" {rC+ Will+ Dex+6}
HPRegen 1.33/turn    r - ring of the Feeding Gods {rElec rCorr Dex+3 Slay+5}
MPRegen 0.18/turn    S - ring "Keugowin" {rC+ Int+2 Slay+4 SInv}
                     i - ring of Gezausuwu {*Slow rPois Will+ Str+3 Stlth+}

%: slow self (1%)
@: storm-form, flying, studying Throwing
A: cleaving, insubstantial, flying, almost no armour, amphibious, 8 rings,
(camouflage 1), (gelatinous body 1), (nimble swimmer 1), (tentacles), (antennae
1), frail 1, strong-willed 1
0: Orb of Zot
}: 6/15 runes: barnacled, slimy, silver, golden, abyssal, gossamer
a: Blinkbolt, Begin Untransformation, Renounce Religion, Wall Jump, Serpent's
Lash, Heavenly Storm


You escaped.
You worshipped Wu Jian.
Wu Jian was exalted by your worship.
You were a lightning-filled tempest!
You visited 13 branches of the dungeon, and saw 59 of its levels.
You visited the Abyss 1 time.
You visited 1 bazaar.
You visited 1 ziggurat, and saw 2 of its levels.
You also visited: Ice Cave.

You collected 13402 gold pieces.
You spent 9810 gold pieces at shops.

Inventory:

Missiles
 n - 3 throwing nets (quivered)
Jewellery
 d - a ring of positive energy (left tentacle)
 i - the ring of Gezausuwu (on tentacle) {*Slow rPois Will+ Str+3 Stlth+}
   (You found it on level 3 of the Elven Halls)

   [ring of willpower]

   Str+3:     It affects your strength (+3).
   rPois:     It protects you from poison Will+: It increases your willpower.
   *Slow:     It may slow you when you take damage.
   Stlth+:    It makes you more stealthy.
 k - the ring "Beweth Uhewk" (on tentacle) {rF+ rN+ Str+6 Stlth-}
   (You found it on level 3 of the Realm of Zot)

   [ring of strength]

   Str+6:     It affects your strength (+6).
   rF+:       It protects you from fire.
   rN+:       It protects you from negative energy.
   Stlth-:    It makes you less stealthy.
 q - the amulet of Edghaso (around neck) {rF+ Regen+}
   (You bought it in a shop on level 2 of the Depths)

   [amulet of regeneration]

   rF+:       It protects you from fire.
   Regen+:    It increases your rate of health regeneration.
 r - the ring of the Feeding Gods (on tentacle) {rElec rCorr Dex+3 Slay+5}
   (You found it on level 5 of the Vaults)

   [ring of resist corrosion]

   Dex+3:     It affects your dexterity (+3).
   Slay+5:    It affects your accuracy & damage with ranged weapons and melee
   (+5).
   rElec:     It insulates you from electricity.
   rCorr:     It protects you from acid and corrosion.
 w - the amulet of the Four Winds {rN+ Will+++ Clar}
   (You found it on level 2 of the Vaults)

   [amulet of nothing]

   rN+:       It protects you from negative energy.
   Will+++:   It greatly increases your willpower.
   Clar:      It protects you from confusion, rage, mesmerisation and fear.
 B - a ring of protection from fire
 L - the ring "Vecwopua" (on tentacle) {AC+4 Str+4}
   (You found it on level 2 of the Crypt)

   [ring of protection]

   AC+4:      It affects your AC (+4).
   Str+4:     It affects your strength (+4).
 O - the ring "Plog" (on tentacle) {rC+ Will+ Dex+6}
   (You acquired it on level 2 of the Crypt)

   [ring of protection from cold]

   Dex+6:     It affects your dexterity (+6).
   rC+:       It protects you from cold.
   Will+:     It increases your willpower.
 S - the ring "Keugowin" (on tentacle) {rC+ Int+2 Slay+4 SInv}
   (You bought it in a shop on level 2 of the Orcish Mines)

   [ring of slaying]

   Int+2:     It affects your intelligence (+2).
   Slay+4:    It affects your accuracy & damage with ranged weapons and melee
   (+4).
   rC+:       It protects you from cold.
   SInv:      It lets you see invisible.
 Y - the ring of Vehumet, Conjuring (right tentacle) {Str+6 Dex+3}
   (You bought it in a shop on level 2 of the Orcish Mines)

   [ring of strength]

   Str+6:     It affects your strength (+6).
   Dex+3:     It affects your dexterity (+3).
Talismans
 m - a storm talisman (active)
Wands
 b - a wand of mindburst (40)
 c - a wand of roots (38)
 g - a wand of digging (47)
 l - a wand of flame (103)
 x - a wand of paralysis (26)
 M - a wand of quicksilver (41)
Scrolls
 a - 5 scrolls of silence
 f - 9 scrolls of immolation
 y - 18 scrolls of teleportation
 C - 4 scrolls of revelation
 D - 10 scrolls of fear
 E - 2 scrolls of blinking
 H - 7 scrolls of fog
 I - 8 scrolls of poison
 T - a scroll of butterflies
Potions
 e - 6 potions of curing
 j - 8 potions of mutation
 p - 9 potions of enlightenment
 s - 3 potions of resistance
 z - a potion of berserk rage
 F - 8 potions of attraction
 G - a potion of haste
 J - 8 potions of cancellation
 K - 6 potions of ambrosia
 N - 12 potions of might
 Q - 3 potions of invisibility
Miscellaneous
 h - a phantom mirror
 o - a phial of floods
 t - a lightning rod (4/4)
 u - a sack of spiders
 P - a tin of tremorstones (2/2)


   Skills:
 O Level 27 Fighting
 + Level 24.0 Dodging
 + Level 26.6 Stealth
 - Level 4.0 Shields
 O Level 27 Unarmed Combat
 - Level 4.0 Evocations
 O Level 27 Shapeshifting


You had 26 spell levels left.
You didn't know any spells.
Your spell library contained the following spells:

 Spells                   Type           Power      Damage    Failure   Level
 Apportation              Tloc           0%         N/A       30%         1
 Foxfire                  Conj/Fire      0%         2x1d4     30%         1
 Freeze                   Ice            0%         1d3       30%         1
 Magic Dart               Conj           0%         1d3       30%         1
 Necrotise                Necr           0%         1d4       30%         1
 Sandblast                Erth           0%         2d4       30%         1
 Slow                     Hex            0%         N/A       30%         1
 Sting                    Conj/Alch      0%         1d3       30%         1
 Summon Small Mammal      Summ           0%         N/A       30%         1
 Blink                    Tloc           0%         N/A       43%         2
 Call Imp                 Summ           0%         N/A       43%         2
 Cigotuvi's Dreadful Rot  Necr/Alch/Air  0%         N/A       43%         2
 Ensorcelled Hibernation  Hex/Ice        0%         N/A       43%         2
 Lesser Beckoning         Tloc           0%         N/A       43%         2
 Momentum Strike          Conj/Tloc      0%         3d8       43%         2
 Scorch                   Fire           0%         2d5       43%         2
 Searing Ray              Conj           0%         2d4       43%         2
 Static Discharge         Conj/Air       0%         3-3/arc   43%         2
 Call Canine Familiar     Summ           0%         N/A       67%         3
 Confusing Touch          Hex            0%         N/A       67%         3
 Dazzling Flash           Conj/Hex       0%         N/A       67%         3
 Frozen Ramparts          Ice            0%         1d1       67%         3
 Fugue of the Fallen      Necr           0%         N/A       67%         3
 Gell's Gravitas          Tloc           0%         N/A       67%         3
 Hailstorm                Conj/Ice       0%         3d5       67%         3
 Inner Flame              Hex/Fire       0%         N/A       67%         3
 Mephitic Cloud           Conj/Alch/Air  0%         N/A       67%         3
 Passwall                 Erth           0%         N/A       67%         3
 Sigil of Binding         Hex            0%         N/A       67%         3
 Stone Arrow              Conj/Erth      0%         3d7       67%         3
 Summon Ice Beast         Ice/Summ       0%         N/A       67%         3
 Swiftness                Air            0%         N/A       67%         3
 Teleport Other           Tloc           0%         N/A       67%         3
 Vampiric Draining        Necr           0%         2d6       67%         3
 Volatile Blastmotes      Fire/Tloc      0%         2d10      67%         3
 Airstrike                Air            0%         2d(0-16)  97%         4
 Anguish                  Hex/Necr       0%         N/A       97%         4
 Brom's Barrelling Bould  Conj/Erth      0%         2d3       97%         4
 Cause Fear               Hex            0%         N/A       97%         4
 Dimensional Bullseye     Hex/Tloc       0%         N/A       97%         4
 Flame Wave               Conj/Fire      0%         2d4       97%         4
 Fulminant Prism          Conj/Alch      0%         3d5       97%         4
 Ignite Poison            Fire/Alch      0%         N/A       97%         4
 Iskenderun's Mystic Bla  Conj/Tloc      0%         2d3       97%         4
 Sticky Flame             Fire/Alch      0%         2d4       97%         4
 Summon Blazeheart Golem  Fire/Summ      0%         N/A       97%         4
 Summon Lightning Spire   Summ/Air       0%         N/A       97%         4
 Vhi's Electric Charge    Tloc/Air       0%         N/A       97%         4
 Alistair's Intoxication  Alch           0%         N/A       100%        5
 Arcjolt                  Conj/Air       0%         1d10      100%        5
 Borgnjor's Vile Clutch   Necr/Erth      0%         N/A       100%        5
 Curse of Agony           Necr           0%         N/A       100%        5
 Fireball                 Conj/Fire      0%         3d3       100%        5
 Freezing Cloud           Conj/Ice/Air   0%         6-21      100%        5
 Irradiate                Conj/Alch      0%         3d11      100%        5
 Iskenderun's Battlesphe  Conj           0%         2d6       100%        5
 Metabolic Englaciation   Hex/Ice        0%         N/A       100%        5
 Silence                  Hex/Air        0%         N/A       100%        5
 Summon Forest            Summ/Tloc      0%         N/A       100%        5
 Summon Mana Viper        Hex/Summ       0%         N/A       100%        5
 Bombard                  Conj/Erth      0%         9d1       100%        6
 Conjure Ball Lightning   Conj/Air       0%         3x3d6     100%        6
 Death Channel            Necr           0%         N/A       100%        6
 Eringya's Noxious Bog    Alch           0%         4d6       100%        6
 Plasma Beam              Fire/Air       0%         2x1d10    100%        6
 Sculpt Simulacrum        Ice/Alch       0%         N/A       100%        6
 Starburst                Conj/Fire      0%         6d3       100%        6
 Summon Cactus Giant      Summ           0%         N/A       100%        6
 Haunt                    Necr/Summ      0%         N/A       100%        7
 Orb of Destruction       Conj           0%         9d5       100%        7
 Ozocubu's Refrigeration  Ice            0%         4d7       100%        7
 Spellforged Servitor     Conj/Summ      0%         N/A       100%        7
 Summon Hydra             Summ           0%         N/A       100%        7
 Borgnjor's Revivificati  Necr           0%         N/A       100%        8
 Discord                  Hex            0%         N/A       100%        8
 Disjunction              Tloc           0%         N/A       100%        8
 Ignition                 Fire           0%         3d3       100%        8
 Lehudib's Crystal Spear  Conj/Erth      0%         10d2      100%        8
 Maxwell's Capacitive Co  Air            0%         ∞         100%        8
 Chain Lightning          Conj/Air       0%         N/A       100%        9
 Dragon's Call            Summ           0%         N/A       100%        9
 Fire Storm               Conj/Fire      0%         5d1       100%        9
 Polar Vortex             Ice            0%         N/A       100%        9
 Shatter                  Erth           0%         3d5*      100%        9
 Sublimation of Blood     Necr           Unusable   N/A       N/A         2
 Animate Armour           Summ/Erth      Unusable   N/A       N/A         4

Dungeon Overview and Level Annotations

Branches:
Dungeon (15/15)            Temple (1/1) D:4            Lair (5/5) D:11
 Shoals (4/4) Lair:2       Spider (4/4) Lair:2        Slime (5/5) Lair:5
    Orc (2/2) D:9             Elf (3/3) Orc:2        Vaults (5/5) D:13
  Crypt (3/3) Vaults:3       Tomb (3/3) Crypt:3      Depths (4/4) D:15
    Zot (5/5) Depths:4      IceCv (visited)

Altars:
Ashenzari
Cheibriados
Dithmenos
Elyvilon
Fedhas
Gozag
Hepliaklqana
Kikubaaqudgha
Makhleb
Nemelex Xobeh
Okawaru
Qazlal
Ru
Sif Muna
Trog
Uskayaw
Vehumet
Wu Jian
Xom
Yredelemnul
Zin
The Shining One

Shops:
D:2 ?   D:7 *   D:9 !   D:14 ?   Orc:1 [?   Orc:2 ?*([=   Vaults:1 ?[!
Vaults:5 !?!?   Depths:2 ![*

Portals:
Hell: Depths:1 Depths:2 Depths:3 Depths:4
Abyss: Depths:2 Depths:3
Pandemonium: Depths:2
Ziggurat: Depths:3

Annotations:
D:3 1 runed translucent door, Crazy Yiuf
Shoals:4 exclusion: kraken


Innate Abilities, Weirdness & Mutations

You are a lightning-filled tempest!
Your electrical attacks strike out in all directions at once.
You are incredibly evasive.
Your insubstantial body is immune to petrification, constriction, and being set on fire You are flying.
Your armour is entirely melded.
You are incapable of wielding weapons or throwing items.
You cannot wear most types of armour.
You are amphibious.
You can wear up to eight rings at the same time.
You are immune to poison.
((Your skin changes colour to match your surroundings (Stealth+).))
((Your rubbery body absorbs attacks. (AC +1, EV +1)))
((You are camouflaged when in or above water. (Stealth+)))
((You have tentacles for arms and can constrict up to eight enemies at once.))
((You have a pair of small antennae on your head.))
You are frail. (-10% HP)
You are strong-willed. (Will+)


Message History

The Council accepts your kill.
You repeatedly attack Epamioja from above, with incredible momentum.
You blast Epamioja!!!!!
Lightning courses through Epamioja! Your punch misses Epamioja.
Epamioja is almost dead.
You batter Epamioja!!
You kill Epamioja!
The Council accepts your kill.
Your supernatural speed expires.
Unknown command.
Unknown command.
You lunge at the rust devil, in a flurry of attacks.
You blast the rust devil!!!
You kill the rust devil!
The Council accepts your kill.
Unknown command.
You feel less exhausted.
There is a stone staircase leading up here.
You fly upwards.
There is a stone staircase leading down here.
There is an open door here.
There is an open door here.
There is a stone staircase leading up here.
You fly upwards.
There is a stone staircase leading down here.
There is a stone staircase leading up here.
You fly upwards.
Level annotation: 1 runed translucent door, Crazy Yiuf
There is a stone staircase leading down here.
There is a stone staircase leading up here.
You fly upwards.
There is a stone staircase leading down here.
Things that are here:
a +0 scale mail; a +0 flail
There is a stone staircase leading up here.
You fly upwards.
There is a stone staircase leading down here.
There is an open door here.
There is a staircase leading out of the dungeon here.
You have escaped!

......#......#.....# #........#
......###..###.....###.#......#
......#.........#..........####
......#.#.#....#.#....#.#..######
###.#.#...)#..##.##..#...........
.^..#......#..#...#..#.......####
#####...#..#..#...#..#..#.#..## #
.†....#..###.........###..#...###
.####.##......#.v.#......##.#...#
#####....)....#...#......##.###.#
....######.....###....##.##'###..
..#.# #......#.....##......#>.
....# #....................#.#
##..# #..##.....##..#......#.#
....# #.###.....###.####.###.#
.#..# #.##.#...#.##.# #.# #.#
.#..# #..###...###..# #.# #.#


There were no monsters in sight!

Vanquished Creatures
  the Royal Jelly (Slime:5)
  Dissolution (Slime:3)
  4 dread liches
  4 orbs of fire (Zot:5)
  A pandemonium lord (D:6)
  11 ancient liches
  Mara (Shoals:3)
  Mennas (Tomb:2)
  Xtahua (Vaults:3)
  Sojobo (Vaults:5)
  29 royal mummies
  Bai Suzhen (Shoals:3)
  2 Killer Klowns
  Saint Roka (Elf:2)
  4 curse toes
  5 golden dragons
  Jory (Crypt:1)
  A profane servitor (Abyss:3)
  6 bone dragons
  2 electric golems (Zot:5)
  A hellephant (Zig:2)
  The ghost of Muvus the Executioner, an adept DsFi of Uskayaw (Vaults:2)
  Jorgrun (Orc:2)
  An Ice Fiend (Depths:1)
  2 shard shrike skeletons (Crypt:3)
  Rupert (D:12)
  21 tentacled monstrosities
  7 liches
  24 Orb Guardians (Zot:5)
  17 acid blobs
  A kraken (Shoals:4)
  Mlioglotl (Spider:3)
  7 quicksilver dragons
  9 titans
  2 deep elf master archers (Elf:3)
  13 death cobs
  Polyphemus (Shoals:2)
  2 deep elf blademasters (Elf:3)
  2 tentacled starspawn (Abyss:3)
  14 sphinxes
  8 ancient champions
  13 shadow dragons
  7 tengu reavers
  8 azure jellies
  5 revenants
  11 storm dragons
  16 rockslimes
  9 draconian shifters
  13 frost giants
  20 vault wardens
  6 protean progenitors
  7 fire giants
  10 ghost moths
  6 draconian knights
  7 draconian monks
  A balrug (Zig:2)
  4 draconian stormcallers
  4 emperor scorpions (Spider:4)
  6 draconian scorchers
  4 deep elf elementalists
  6 deep elf sorcerers
  8 ghouls
  3 orc warlords
  A caustic shrike zombie (Tomb:2)
  2 broodmothers
  7 formless jellyfish
  4 curse skulls
  11 draconian annihilators
  18 quicksilver oozes
  3 caustic shrike skeletons (Crypt:3)
  2 spriggan defenders (Depths:1)
  16 ironbound preservers
  15 stone giants
  10 ironbound thunderhulks
  23 very ugly things
  2 deep elf annihilators
  A juggernaut skeleton (Crypt:3)
  7 deep elf death magi
  9 deep elf demonologists
  A lorocyproca (Zot:5)
  13 vampire knights
  13 black draconians
  15 yellow draconians
  4 bennus (Tomb:2)
  5 spark wasps
  23 dire elephants
  5 war gargoyles
  9 green draconians
  16 purple draconians
  7 red draconians
  A starcursed mass (Zig:1)
  8 white draconians
  A green death (Zot:4)
  2 merfolk javelineers (Shoals:4)
  3 crystal guardians
  2 eidola
  Josephine (D:12)
  3 merfolk impalers
  4 entropy weavers
  14 mummy priests
  23 ettins
  5 fire dragons
  8 jiangshi
  15 yaktaur captains
  6 deep elf high priests
  2 spriggan zombies (Tomb:1)
  35 vault guards
  16 hydras
  A quicksilver dragon skeleton (Tomb:3)
  8 great orbs of eyes
  Erolcha (Orc:1)
  2 rakshasas
  17 ice dragons
  11 centaur warriors
  4 radroaches
  A jorogumo (Spider:3)
  3 peacekeepers
  8 spriggan air magi
  2 alligators (Zot:3)
  5 death knights
  19 ironbound frosthearts
  5 ogre magi
  4 catoblepae
  A fenstrider witch skeleton (Crypt:3)
  A bennu zombie (Crypt:1)
  2 spriggan skeletons (Crypt:3)
  3 merfolk avatars
  An alligator snapping turtle (Shoals:3)
  12 deep troll shamans
  12 two-headed ogres
  22 boulder beetles
  15 death yaks
  6 merfolk aquamancers
  A juggernaut simulacrum (Crypt:1)
  A satyr (Shoals:4)
  20 vampire magi
  47 death scarabs
  32 dancing weapons
  3 occultists
  14 demonic crawlers
  14 tengu warriors
  10 spriggan berserkers
  9 deep troll earth magi
  An orc high priest (Depths:2)
  An emperor scorpion zombie (Crypt:2)
  14 soul eaters
  11 deep elf knights
  A shock serpent (shapeshifter) (Depths:2)
  A wretched star (Abyss:3)
  4 titan skeletons (Crypt:3)
  7 skysharks
  Amaemon (Lair:1)
  16 iron trolls
  A sixfirhy (Abyss:3)
  27 skeletal warriors
  A sea snake (shapeshifter) (Vaults:5)
  3 shadow wraiths
  5 glowing orange brains
  6 pharaoh ants
  A salamander mystic (Depths:2)
  58 deep trolls
  2 shadow demons
  11 orb spiders
  11 arcanists
  5 sea snakes
  9 flayed ghosts
  2 sun moths
  A spriggan simulacrum (Crypt:1)
  2 orange crystal statues
  2 spriggan druids (Depths:1)
  A swamp dragon (shapeshifter) (Vaults:5)
  A bog body (Crypt:1)
  A bunyip skeleton (Tomb:3)
  A lindwurm (shapeshifter) (Vaults:5)
  9 steelbarb worms
  10 deep elf archers
  4 large abominations
  10 phantasmal warriors
  7 lindwurms
  16 harpies
  20 ironbound convokers
  16 deep elf zephyrmancers
  An iron giant skeleton (Crypt:3)
  9 necromancers
  2 salamanders (Depths:2)
  32 deep elf pyromancers
  3 shining eyes
  An anaconda skeleton (Crypt:3)
  A faun (Shoals:2)
  A faun (shapeshifter) (Depths:3)
  A glowing shapeshifter (Elf:2)
  12 orc sorcerers
  17 wolf spiders
  27 manticores
  A moth of wrath (shapeshifter) (Vaults:1)
  62 ugly things
  7 orc knights
  A stone giant zombie (Tomb:1)
  12 cyclopes
  8 meliai
  18 moths of wrath
  2 iron dragon skeletons (Crypt:3)
  9 elephants
  An eye of devastation (shapeshifter) (Depths:4)
  2 rust devils (D:6)
  6 merfolk sirens
  A guardian serpent (Lair:5)
  18 vault sentinels
  A draconian skeleton (Zot:2)
  A kobold blastminer (Orc:2)
  3 centaur zombies (D:11)
  2 eyes of devastation
  5 gargoyles
  11 water nymphs
  A torpor snail (shapeshifter) (Elf:2)
  7 torpor snails
  8 black mambas
  An orange demon (Lair:1)
  2 centaur skeletons
  15 cane toads
  2 dire elephant skeletons
  13 rime drakes
  A yaktaur zombie (Vaults:3)
  A storm dragon simulacrum (Vaults:3)
  An unseen horror (D:12)
  A kobold demonologist (Crypt:2)
  51 guardian mummies
  9 komodo dragons
  A bunyip simulacrum (Crypt:2)
  5 tengu conjurers
  9 freezing wraiths
  Psyche (D:8)
  A yellow draconian skeleton (Crypt:1)
  A white draconian skeleton (Crypt:3)
  A grey draconian skeleton (Crypt:2)
  An ice devil (D:9)
  A red draconian skeleton (Crypt:2)
  28 merfolk
  49 yaktaurs
  2 silent spectres
  6 trolls
  A harpy zombie (Crypt:2)
  8 wind drakes
  A merfolk (shapeshifter) (Depths:2)
  2 catoblepas skeletons
  10 polar bears
  24 tarantellas
  14 hornets
  A hornet (shapeshifter) (D:15)
  3 hydra skeletons
  A moth of wrath zombie (Zot:2)
  A raiju (shapeshifter) (D:14)
  A culicivora zombie (Crypt:1)
  9 dream sheep
  20 blink frogs
  4 snapping turtles
  A fire giant simulacrum (Vaults:3)
  2 glass eyes
  5 harpy skeletons (Crypt:3)
  A merfolk zombie (Crypt:1)
  18 jumping spiders
  A tarantella zombie (Crypt:3)
  A fire dragon skeleton (Crypt:3)
  13 culicivoras
  2 ettin skeletons (Abyss:3)
  A ynoxinul (Zot:2)
  2 shadows (D:11)
  66 slime creatures
  5 vampires
  A black mamba zombie (Tomb:2)
  Sigmund (D:2)
  2 wyverns
  28 ushabtiu
  23 spriggans
  10 water elementals
  22 wraiths
  Eustachio (D:6)
  A human (Depths:2)
  A wind drake zombie (Crypt:1)
  A black mamba skeleton (Crypt:2)
  6 fire elementals
  Grum (D:8)
  4 basilisks
  4 fire bats (Depths:2)
  7 golden eyes
  68 yaks
  An elf (Depths:2)
  A dire elephant simulacrum (Tomb:3)
  9 vampire mosquitoes
  34 redbacks
  A neqoxec (Zig:1)
  4 wargs
  A glowing shapeshifter zombie (Crypt:2)
  Menkaure (D:4)
  2 small abominations (Abyss:3)
  15 water moccasins
  14 two-headed ogre zombies (Orc:1)
  4 naga skeletons
  4 acid dragons
  A faun skeleton (Crypt:3)
  A hornet zombie (Crypt:1)
  28 orc warriors
  3 ice beasts
  29 laughing skulls
  9 black bears
  21 ogres
  10 boggarts
  16 wolves
  An elephant skeleton (Crypt:3)
  The ghost of SnakkuSnakku7 the Ducker, an amateur MfEE of Fedhas (D:3)
  12 centaurs
  The ghost of rundlesten the Magician, an amateur OpHW (D:3)
  2 phantoms (D:6)
  A swamp dragon skeleton (Tomb:1)
  3 kobold brigands
  2 gnoll sergeants
  12 bullfrogs
  2 earth elementals (Elf:1)
  4 necrophages
  5 scorpions
  A burial acolyte (D:6)
  36 wights
  A raiju zombie (Crypt:2)
  A shapeshifter zombie (Crypt:2)
  7 killer bees
  2 spectral wolves (Depths:2)
  An electric eel (Lair:3)
  6 howler monkeys
  A quasit (Abyss:3)
  6 jellies
  2 bombardier beetles (D:3)
  A gnoll bouda (D:7)
  17 orc priests
  2 hounds
  A human zombie (Crypt:2)
  An iguana (Orc:1)
  An iron imp (Abyss:3)
  36 orc wizards
  Ijyb (D:3)
  Terence (D:2)
  13 human skeletons
  5 hell rats (Lair:5)
  A deep dwarf skeleton (Crypt:1)
  3 hound zombies (D:6)
  53 mummies
  14 gnolls
  8 adders
  4 shadow imps
  3 white imps
  3 ufetubi
  A lava snake zombie (Crypt:3)
  An iguana skeleton (Crypt:3)
  4 dart slugs
  A ribbon worm (D:10)
  89 orcs
  6 endoplasms
  2 giant cockroaches
  3 gnoll zombies (D:6)
  8 goblins
  2 hobgoblins
  10 jackals
  16 kobolds
  3 quokkas
  9 ball pythons
  A ball python skeleton (Crypt:3)
  6 bats
  A bombardier beetle zombie (Crypt:2)
  5 frilled lizards
  A frilled lizard skeleton (Crypt:1)
  A goblin zombie (Crypt:1)
  A hobgoblin zombie (Crypt:1)
  A kobold zombie (D:6)
  4 rats
  A rat zombie (Crypt:2)
  5 aspiring fleshes
  2 starspawn tentacles (Abyss:3)
2963 creatures vanquished.

Vanquished Creatures (others)
  2 ice dragons (IceCv)
  A glowing orange brain (shapeshifter) (Vaults:5)
  A wolf spider (Spider:3)
  A human (Crypt:2)
  An orc priest (Orc:2)
  An orc (Vaults:5)
  A lurking horror (Abyss:3)
  A starspawn tentacle (Abyss:3)
9 creatures vanquished.

Grand Total: 2972 creatures vanquished

Notes
Turn   | Place    | Note
-------+----------+-------------------------------------------
     0 | D:1      | MollyMolluskus the Octopode Fighter began the quest for the
                  | Orb.
     0 | D:1      | Reached XP level 1. HP: 16/16 MP: 1/1
    62 | D:1      | Reached XP level 2. HP: 20/21 MP: 2/2
   297 | D:1      | Reached skill level 1 in Stealth
   419 | D:1      | Reached XP level 3. HP: 26/26 MP: 3/3
   853 | D:2      | Noticed Terence
   863 | D:2      | Killed Terence
   864 | D:2      | Reached XP level 4. HP: 17/31 MP: 4/4
  1048 | D:2      | Noticed Sigmund
  1056 | D:2      | Killed Sigmund
  1057 | D:2      | Reached XP level 5. HP: 37/37 MP: 5/5
  1063 | D:2      | Reached XP level 6. HP: 52/52 MP: 6/6
  1144 | D:2      | Found Obiestro's Magic Scroll Shoppe.
  1169 | D:2      | Reached XP level 7. HP: 43/57 MP: 7/7
  1224 | D:2      | Bought a scroll of immolation for 52 gold pieces
  1926 | D:3      | Found a runed translucent gate.
  1927 | D:3      | Found a runed translucent gate.
  1929 | D:3      | Found a runed translucent gate.
  2052 | D:3      | Noticed Ijyb
  2060 | D:3      | Killed Ijyb
  2233 | D:3      | Found a runed translucent door.
  2234 | D:3      | Noticed Crazy Yiuf
  2327 | D:3      | Noticed SnakkuSnakku7's ghost (amateur MfEE)
  2327 | D:3      | Noticed rundlesten's ghost (amateur OpHW)
  2389 | D:3      | Found a shimmering altar of Xom.
  2685 | D:3      | Killed SnakkuSnakku7's ghost
  2689 | D:3      | Killed rundlesten's ghost
  2828 | D:4      | Found a glowing golden altar of the Shining One.
  2878 | D:4      | Found a sacrificial altar of Ru.
  2879 | D:4      | Found a sparkling altar of Nemelex Xobeh.
  2917 | D:4      | Found a staircase to the Ecumenical Temple.
  2927 | Temple   | Entered the Ecumenical Temple
  3152 | D:4      | Reached XP level 8. HP: 63/63 MP: 8/8
  3161 | D:4      | Reached skill level 1 in Shapeshifting
  3379 | D:4      | Found a burning altar of Makhleb.
  3407 | D:4      | Noticed Menkaure
  3412 | D:4      | Killed Menkaure
  3676 | D:5      | Entered Level 5 of the Dungeon
  3859 | D:5      | You fall into a shaft and drop 2 floors!
  3882 | D:7      | Reached skill level 10 in Unarmed Combat
  4019 | D:7      | Identified the +5 whip "Acaeh" {heavy, rN+ MP+9 Str-5}
  4088 | D:7      | Reached XP level 9. HP: 32/69 MP: 6/9
  5884 | D:6      | Reached skill level 5 in Dodging
  5924 | D:6      | Noticed Eustachio
  5933 | D:6      | Killed Eustachio
  6211 | D:6      | Found a bloodstained altar of Trog.
  6216 | D:6      | Found a shimmering blue altar of Sif Muna.
  6358 | D:6      | Found an ancient bone altar of Kikubaaqudgha.
  7079 | D:7      | Reached skill level 10 in Fighting
  7154 | D:7      | Found Vyodd's General Store.
  7157 | D:7      | Bought a wand of paralysis (7) for 252 gold pieces
  7288 | D:7      | Reached XP level 10. HP: 76/76 MP: 10/10
  7429 | D:8      | Noticed Psyche
  7558 | D:8      | Found an iron altar of Okawaru.
  7585 | D:8      | Killed Psyche
  7592 | D:8      | Upgraded the game from 0.31.0-4-g52a2dc7128 to
                  | 0.31.0-7-gf635a9b802
  7799 | D:8      | Noticed Grum
  7806 | D:8      | Killed Grum
  8122 | D:8      | Found an opulent altar of Gozag.
  8122 | D:8      | Found a blossoming altar of Fedhas.
  8122 | D:8      | Found a shadowy altar of Dithmenos.
  8780 | D:9      | Found Ceqe's Distillery.
  8793 | D:9      | Bought a potion of lignification for 45 gold pieces
  8793 | D:9      | Bought a potion of haste for 150 gold pieces
  8793 | D:9      | Bought a potion of resistance for 150 gold pieces
  9023 | D:9      | Noticed a cyan ugly thing
  9024 | D:9      | Noticed a two-headed ogre
  9024 | D:9      | Noticed a manticore
  9028 | D:9      | Noticed a tengu warrior
  9029 | D:9      | Noticed a centaur warrior
  9029 | D:9      | Noticed a two-headed ogre
  9036 | D:9      | Killed a cyan ugly thing
  9039 | D:9      | Killed a two-headed ogre
  9040 | D:9      | Reached XP level 11. HP: 82/82 MP: 11/11
  9043 | D:9      | Killed a two-headed ogre
  9048 | D:9      | Killed a manticore
  9054 | D:9      | Killed a centaur warrior
  9061 | D:9      | Killed a tengu warrior
  9233 | D:9      | Identified the +8 war axe "Imetiddo" {drain, Str-3 Int+7}
  9233 | D:9      | Identified the +0 morningstar "Taotaomu" {protect, Str+7
                  | Int+3}
  9281 | D:9      | Reached skill level 5 in Shapeshifting
  9287 | D:9      | Noticed a two-headed ogre
  9429 | D:9      | Noticed a two-headed ogre
  9437 | D:9      | Killed a two-headed ogre
  9490 | D:9      | Noticed a two-headed ogre
  9503 | D:9      | Killed a two-headed ogre
  9600 | D:9      | Found a staircase to the Orcish Mines.
  9746 | D:9      | Reached XP level 12. HP: 54/90 MP: 5/12
  9772 | D:9      | Found a white marble altar of Elyvilon.
  9790 | D:9      | Found a radiant altar of Vehumet.
 10001 | D:9      | Killed a two-headed ogre
 10430 | D:9      | Found an ornate altar of the Wu Jian Council.
 10443 | D:9      | Became a worshipper of the Wu Jian Council
 10521 | D:10     | Entered Level 10 of the Dungeon
 11084 | D:10     | Found a snail-covered altar of Cheibriados.
 11396 | D:11     | Noticed a two-headed ogre
 11405 | D:11     | Killed a two-headed ogre
 11570 | D:11     | Reached * piety under Wu Jian
 11593 | D:11     | Found a staircase to the Lair.
 11621 | D:11     | Noticed a two-headed ogre
 11641 | D:11     | Killed a two-headed ogre
 12023 | D:11     | Identified a scroll of acquirement
 12023 | D:11     | Acquired a manual of Fighting
 12455 | D:12     | Reached skill level 10 in Shapeshifting
 12536 | Lair:1   | Entered Level 1 of the Lair of Beasts
 12984 | Lair:1   | Reached XP level 13. HP: 96/96 MP: 13/13
 13102 | Lair:1   | Identified the +6 rapier of Eternal Harmony {pain, rPois
                  | Str-3 Int+3}
 13200 | Lair:1   | Found an ornate altar of the Wu Jian Council.
 13286 | Lair:1   | Reached ** piety under Wu Jian
 13459 | Lair:1   | Noticed Amaemon
 13463 | Lair:1   | Killed Amaemon
 13935 | Lair:2   | Found a staircase to the Shoals.
 14151 | Lair:2   | Found a hole to the Spider Nest.
 14673 | Lair:2   | Reached *** piety under Wu Jian
 14744 | Lair:2   | Paralysed by a hornet for 2 turns
 15385 | Lair:3   | Reached XP level 14. HP: 106/106 MP: 14/14
 16080 | Lair:4   | Reached skill level 15 in Unarmed Combat
 16269 | Lair:4   | Reached **** piety under Wu Jian
 16387 | Lair:4   | Reached skill level 10 in Dodging
 16998 | Lair:5   | Entered Level 5 of the Lair of Beasts
 17337 | Lair:5   | Found a staircase to the Slime Pits.
 17808 | Lair:5   | Reached ***** piety under Wu Jian
 17904 | Lair:5   | Found the +3 pair of seven-league boots {Rampage+∞}
 18080 | Lair:5   | Reached XP level 15. HP: 106/114 MP: 15/15
 18207 | Lair:5   | Reached skill level 15 in Fighting
 18310 | Lair:5   | Identified the +9 broad axe "Jydghyot" {speed, MP+9 Str-2
                  | Int+7}
 18769 | D:2      | Bought a scroll of identify for 26 gold pieces
 19062 | D:12     | Noticed Rupert
 19068 | D:12     | Killed Rupert
 19139 | D:12     | Noticed Josephine
 19143 | D:12     | Killed Josephine
 19842 | D:13     | Identified the +11 spear "Joluwn" {flame, Dex+5}
 19870 | D:13     | Found a gate to the Vaults.
 20747 | D:14     | Reached XP level 16. HP: 84/124 MP: 14/16
 20749 | D:14     | Found an opulent altar of Gozag.
 20940 | D:14     | Found Putokon's Magic Scroll Shop.
 21351 | D:15     | Entered Level 15 of the Dungeon
 21953 | D:15     | Found a staircase to the Depths.
 22283 | Orc:1    | Entered Level 1 of the Orcish Mines
 22293 | Orc:1    | Found a bloodstained altar of Trog.
 22461 | Orc:1    | Found Unlyllob's Magic Scroll Shoppe.
 22492 | Orc:1    | Bought a scroll of blinking for 82 gold pieces
 22807 | Orc:1    | Noticed Erolcha
 22813 | Orc:1    | Killed Erolcha
 22823 | Orc:1    | Identified the +4 battleaxe of Eternal Harmony {flame,
                  | *Corrode rN+++ Dex+4}
 22900 | Orc:1    | Found Ashrarudd's Armour Boutique.
 22905 | Orc:1    | You fall into a shaft and drop 1 floor!
 22905 | Orc:2    | Entered Level 2 of the Orcish Mines
 22905 | Orc:2    | Noticed Jorgrun
 22909 | Orc:2    | Killed Jorgrun
 23002 | Orc:2    | Found Sijyak's General Store.
 23272 | Orc:2    | Found a staircase to the Elven Halls.
 23441 | Orc:2    | Found Ylol's Antique Armour Emporium.
 23453 | Orc:2    | Found a radiant altar of Vehumet.
 23462 | Orc:2    | Found Angosung's Antique Weapon Emporium.
 23481 | Orc:2    | Found Foblazal's Magic Scroll Shoppe.
 23499 | Orc:2    | Found an ancient bone altar of Kikubaaqudgha.
 23514 | Orc:2    | Found Ydaon's Jewellery Shoppe.
 23534 | Orc:2    | Bought a glowing buckler for 217 gold pieces
 23552 | Orc:2    | Bought the ring "Keugowin" {rC+ Int+2 Slay+4 SInv} for 1503
                  | gold pieces
 23600 | Orc:2    | Bought a scroll of butterflies for 64 gold pieces
 24103 | Shoals:1 | Entered Level 1 of the Shoals
 24596 | Shoals:1 | Reached skill level 15 in Shapeshifting
 24599 | Shoals:1 | Reached XP level 17. HP: 131/132 MP: 17/17
 25133 | Shoals:2 | Noticed Polyphemus
 25143 | Shoals:2 | Killed Polyphemus
 25631 | Shoals:3 | Noticed Mara
 25636 | Shoals:3 | Noticed MollyMolluskus's illusion
 25639 | Shoals:3 | Killed Mara
 25956 | Shoals:3 | Identified the dragon-blood talisman "Boneon" {rCorr Int+2}
 25956 | Shoals:3 | Noticed Bai Suzhen
 25967 | Shoals:3 | Killed Bai Suzhen
 26409 | Shoals:4 | Entered Level 4 of the Shoals
 26842 | Shoals:4 | Noticed a kraken
 26852 | Shoals:4 | Killed a kraken
 27083 | Shoals:4 | Got a barnacled rune of Zot
 27134 | Shoals:4 | Identified the ring of Maunar {rElec rPois rF+ Str-4 SInv
                  | Stlth+}
 27242 | Shoals:4 | Noticed a kraken
 27353 | Shoals:4 | Found the +6 lightning scales {swift, rElec}
 27901 | Shoals:4 | Identified the +5 orcbow of Chagrin {elec, rElec rPois rC++
                  | Dex-4}
 28338 | Elf:1    | Entered Level 1 of the Elven Halls
 28345 | Elf:1    | Reached XP level 18. HP: 138/138 MP: 18/18
 28658 | Orc:2    | Bought the ring of Vehumet, Conjuring {Str+6 Dex+3} for 739
                  | gold pieces
 28909 | Elf:1    | Got the Folio of Command
 29582 | Elf:2    | Found a runed translucent gate.
 29582 | Elf:2    | Found a runed translucent gate.
 29583 | Elf:2    | Found a runed translucent gate.
 29710 | Elf:2    | Noticed Saint Roka
 29730 | Elf:2    | Killed Saint Roka
 30442 | Spider:1 | Entered Level 1 of the Spider Nest
 32156 | Spider:2 | Found a glacial archway.
 32175 | IceCv    | Entered an ice cave
 32181 | IceCv    | Reached XP level 19. HP: 144/144 MP: 19/19
 32291 | IceCv    | Identified the ring "Vaunem" {Ice MP+9 Str+2 Int-3 Dex+3}
 32464 | IceCv    | Reached XP level 20. HP: 151/151 MP: 20/20
 33979 | Orc:2    | Bought an amulet of regeneration for 450 gold pieces
 34271 | Spider:3 | Noticed Mlioglotl
 34404 | Spider:3 | Noticed a bone dragon
 34405 | Spider:3 | Killed Mlioglotl
 34994 | Spider:4 | Entered Level 4 of the Spider Nest
 35009 | Spider:4 | Upgraded the game from 0.31.0-7-gf635a9b802 to
                  | 0.31.0-9-g3a7656b989
 35089 | Spider:4 | Reached XP level 21. HP: 109/159 MP: 8/21
 35227 | Spider:4 | Got a gossamer rune of Zot
 36275 | Elf:3    | Entered Level 3 of the Elven Halls
 36902 | Elf:3    | Identified the ring of Reimbursement {rPois Int+6 Dex+4}
 37053 | Elf:3    | Found the +8 mithril axe "Arga" {speed, Will+}
 37062 | Elf:3    | Identified the ring of Gezausuwu {*Slow rPois Will+ Str+3
                  | Stlth+}
 37187 | Elf:3    | Identified the +7 orcbow "Zyehirum" {heavy, +Blink Will+++}
 37476 | Vaults:1 | Entered Level 1 of the Vaults
 37688 | Vaults:1 | Found Beacruv's Distillery.
 37927 | Vaults:1 | Found Uluts's Magic Scroll Shop.
 38120 | Vaults:1 | Found Vutrivopt's Antique Armour Boutique.
 38415 | Vaults:2 | Reached XP level 22. HP: 108/169 MP: 22/22
 38476 | Vaults:2 | Acquired 752 gold pieces
 38478 | Vaults:2 | Acquired a manual of Fighting
 38507 | Vaults:2 | Reached skill level 1 in Evocations
 38596 | Vaults:2 | Reached skill level 5 in Stealth
 38926 | Vaults:2 | Found the amulet of the Four Winds {rN+ Will+++ Clar}
 39005 | Vaults:2 | Found a runed translucent gate.
 39005 | Vaults:2 | Found a runed translucent gate.
 39005 | Vaults:2 | Found a runed translucent gate.
 39005 | Vaults:2 | Noticed Muvus's ghost (adept DsFi)
 39114 | Vaults:2 | You are sucked into a shaft and drop 1 floor!
 39154 | Vaults:3 | Found a flickering gateway to a bazaar.
 39196 | Bazaar   | Entered a bazaar
 39212 | Bazaar   | Found Tigyxib's Magic Scroll Shoppe.
 39213 | Bazaar   | Found Zeziecenk's Assorted Antiques.
 39253 | Bazaar   | Found Vaixkif's Distillery.
 39253 | Bazaar   | Found Gici's Distillery.
 39275 | Bazaar   | Bought a potion of resistance for 90 gold pieces
 39287 | Bazaar   | Bought a potion of heal wounds for 60 gold pieces
 39287 | Bazaar   | Bought a potion of resistance for 120 gold pieces
 39287 | Bazaar   | Bought a potion of might for 48 gold pieces
 39305 | Bazaar   | Bought a scroll of revelation for 90 gold pieces
 39305 | Bazaar   | Bought a scroll of revelation for 90 gold pieces
 39305 | Bazaar   | Bought a scroll of teleportation for 36 gold pieces
 39305 | Bazaar   | Bought a scroll of teleportation for 36 gold pieces
 39305 | Bazaar   | Bought a scroll of teleportation for 36 gold pieces
 39317 | Bazaar   | Bought a potion of invisibility for 192 gold pieces
 39317 | Bazaar   | Bought a scroll of blinking for 180 gold pieces
 39337 | Bazaar   | Bought a potion of magic for 96 gold pieces
 39476 | Vaults:3 | Found a magical portal.
 39612 | Vaults:3 | Reached ****** piety under Wu Jian
 39656 | Vaults:3 | Noticed Xtahua
 39661 | Vaults:3 | Killed Xtahua
 39798 | Vaults:3 | Found a staircase to the Crypt.
 40268 | Vaults:4 | Reached XP level 23. HP: 178/178 MP: 23/23
 41244 | Vaults:4 | Identified the ring "Ikhadap" {rPois rC+ Int+6}
 41527 | Vaults:2 | Killed Muvus's ghost
 41816 | Depths:1 | Entered Level 1 of the Depths
 41860 | Depths:1 | Reached skill level 10 in Stealth
 41953 | Depths:1 | Found a hide-covered altar of Uskayaw.
 42058 | Depths:1 | Found a gateway to Hell.
 42716 | Depths:2 | Reached XP level 24. HP: 188/188 MP: 23/23
 42770 | Depths:2 | Found a one-way gate to the infinite horrors of the Abyss.
 43419 | Depths:2 | Found a one-way gate leading to the halls of Pandemonium.
 43610 | Depths:2 | Found a shimmering blue altar of Sif Muna.
 43804 | Depths:2 | Found a shadowy altar of Dithmenos.
 43835 | Depths:2 | Found Exih's Miraculous Elixirs.
 43895 | Depths:2 | Found The Legendary Iludghun's Legendary Smithy.
 43912 | Depths:2 | Found Zaly's General Store.
 44082 | Depths:2 | Bought the amulet of Edghaso {rF+ Regen+} for 968 gold
                  | pieces
 44535 | Depths:3 | Found a one-way gateway to a ziggurat.
 45157 | Depths:4 | Entered Level 4 of the Depths
 45222 | Depths:4 | Reached XP level 25. HP: 197/197 MP: 23/23
 45226 | Depths:4 | Reached skill level 15 in Dodging
 45243 | Depths:4 | Found a gate to the Realm of Zot.
 45431 | Depths:4 | Paralysed by a sphinx for 5 turns
 46133 | Vaults:5 | Entered Level 5 of the Vaults
 46162 | Vaults:5 | Noticed an ancient lich
 46169 | Vaults:5 | Killed an ancient lich
 46180 | Vaults:5 | Noticed an ancient lich
 46185 | Vaults:5 | Killed an ancient lich
 46198 | Vaults:5 | Reached skill level 15 in Stealth
 46198 | Vaults:5 | Identified the +3 hand axe "Adaityg" {antimagic, Int+2
                  | Dex+5}
 46200 | Vaults:5 | Noticed a dread lich
 46208 | Vaults:5 | Noticed Sojobo
 46214 | Vaults:5 | Reached XP level 26. HP: 109/206 MP: 23/23
 46216 | Vaults:5 | Killed a dread lich
 46221 | Vaults:5 | Killed Sojobo
 46782 | Vaults:5 | Got the Tractate on Electrocution and Striking
 46783 | Vaults:5 | Identified the ring of the Feeding Gods {rElec rCorr Dex+3
                  | Slay+5}
 46822 | Vaults:5 | Identified the +7 long sword "Kuututoq" {vamp, rF+ Int-2
                  | Dex+2 SInv}
 46850 | Vaults:5 | Identified the staff "Seid Osh" {^Drain rElec MP+9 Str+3
                  | Dex+4 Air}
 46934 | Vaults:5 | Identified the +2 cloak of Minor Irritation {-Cast Str+5
                  | Stlth+}
 47023 | Vaults:5 | Identified the ring "Imodurgh" {^Contam rElec rPois rC+
                  | rN+}
 47057 | Vaults:5 | Got a silver rune of Zot
 47168 | Vaults:5 | Found Lega Juy's Distillery.
 47172 | Vaults:5 | Found Oxkuzoj's Magic Scroll Boutique.
 47173 | Vaults:5 | Bought a potion of invisibility for 120 gold pieces
 47173 | Vaults:5 | Bought a potion of heal wounds for 75 gold pieces
 47173 | Vaults:5 | Bought a potion of might for 60 gold pieces
 47173 | Vaults:5 | Bought a potion of haste for 150 gold pieces
 47180 | Vaults:5 | Bought 3 scrolls of blinking for 270 gold pieces
 47192 | Vaults:5 | Found Wujanug's Distillery.
 47196 | Vaults:5 | Bought a potion of resistance for 220 gold pieces
 47196 | Vaults:5 | Bought a potion of heal wounds for 110 gold pieces
 47196 | Vaults:5 | Bought a potion of resistance for 220 gold pieces
 47218 | Vaults:5 | Found Nedammek's Magic Scroll Shop.
 47226 | Vaults:5 | Bought a scroll of acquirement for 1196 gold pieces
 47227 | Vaults:5 | Acquired a manual of Dodging
 47385 | Vaults:5 | Bought a scroll of blinking for 172 gold pieces
 47660 | Depths:2 | Voluntarily entered the Abyss.
 47687 | Abyss:1  | Found a corrupted altar of Lugonu.
 47690 | Abyss:2  | Found a corrupted altar of Lugonu.
 47987 | Abyss:3  | Got an abyssal rune of Zot
 48061 | Depths:2 | Escaped the Abyss
 48360 | Slime:1  | Entered Level 1 of the Pits of Slime
 48667 | Slime:2  | Gained mutation: Your health recovers twice as slowly from
                  | being drained. [a shining eye]
 48718 | Lair:5   | Lost mutation: Your health recovers twice as slowly from
                  | being drained. [potion of mutation]
 48718 | Lair:5   | Gained mutation: You are strong-willed. (Will+) [potion of
                  | mutation]
 48718 | Lair:5   | Gained mutation: You have a pair of small antennae on your
                  | head. [potion of mutation]
 48719 | Lair:5   | Upgraded the game from 0.31.0-9-g3a7656b989 to
                  | 0.31.0-10-gcf4a605ca0
 49468 | Slime:3  | Noticed Dissolution
 49476 | Slime:3  | Killed Dissolution
 50129 | Slime:5  | Entered Level 5 of the Pits of Slime
 50196 | Slime:5  | Noticed the Royal Jelly
 50198 | Slime:5  | Killed the Royal Jelly
 50246 | Slime:5  | Found the crystal ball of Wucad Mu {*channel}
 50247 | Slime:5  | Found the +8 longbow "Zephyr" {speed, Dex+3 SInv}
 50260 | Slime:5  | Got a slimy rune of Zot
 50261 | Slime:5  | Identified the ring of Hatohiufu {Fly rC+}
 50402 | Slime:5  | Identified the +10 sling of Fafyssul {freeze, Str+5 Int-2
                  | Dex+9}
 50407 | Slime:5  | Got the Catalogue of Firn
 50419 | Slime:5  | Identified the +0 trident of Nogua {flame, rPois rCorr
                  | Str-4 Stlth+}
 50436 | Slime:5  | Got Fikhloso's Monograph on United Shadows
 50901 | Crypt:1  | Entered Level 1 of the Crypt
 50957 | Crypt:1  | Reached XP level 27. HP: 214/214 MP: 23/23
 51410 | Crypt:1  | Noticed Jory
 51412 | Crypt:1  | Killed Jory
 52071 | Crypt:2  | Identified the amulet "Hyenaad" {Faith Str+3}
 52659 | Crypt:2  | Found a runed door.
 53173 | Crypt:2  | Noticed an ancient lich
 53174 | Crypt:2  | Noticed an ancient lich
 53177 | Crypt:2  | Killed an ancient lich
 53180 | Crypt:2  | Killed an ancient lich
 53193 | Crypt:2  | Identified the +7 mace of Midwinter {elec, rElec}
 53194 | Crypt:2  | Identified the ring "Vecwopua" {AC+4 Str+4}
 53199 | Crypt:2  | Identified the +11 shortbow "Owketofi" {flame, rN+}
 53228 | Crypt:2  | Acquired the ring "Plog" {rC+ Will+ Dex+6}
 53313 | Crypt:3  | Entered Level 3 of the Crypt
 53383 | Crypt:3  | Found a basalt altar of Yredelemnul.
 53496 | Crypt:3  | Found a staircase to the Tomb.
 53812 | Crypt:3  | Got the Grimoire of Outbursts
 54615 | Crypt:3  | Noticed an ancient lich
 54615 | Crypt:3  | Killed an ancient lich
 54641 | Crypt:3  | Identified the ring of Circularity {rElec rN+}
 54641 | Crypt:3  | Identified the ring "Haheb" {rC+ rN+ Str+4 Dex-5}
 54651 | Crypt:3  | Identified the +2 long sword of the Scavenger {vamp, SInv}
 54653 | Crypt:3  | Got the Monograph on the Dead
 54888 | Vaults:1 | Bought a scroll of silence for 171 gold pieces
 54888 | Vaults:1 | Bought a scroll of teleportation for 54 gold pieces
 54888 | Vaults:1 | Bought a scroll of teleportation for 54 gold pieces
 54888 | Vaults:1 | Bought a scroll of revelation for 135 gold pieces
 55206 | D:2      | Bought 2 scrolls of silence for 247 gold pieces
 55206 | D:2      | Bought a scroll of teleportation for 39 gold pieces
 55206 | D:2      | Bought a scroll of revelation for 97 gold pieces
 55653 | Tomb:1   | Entered Level 1 of the Tomb of the Ancients
 55988 | Tomb:1   | Noticed a royal mummy
 55990 | Tomb:1   | Killed a royal mummy
 56804 | Vaults:1 | Bought a potion of heal wounds for 90 gold pieces
 56804 | Vaults:1 | Bought a potion of invisibility for 144 gold pieces
 56804 | Vaults:1 | Bought a potion of might for 72 gold pieces
 56804 | Vaults:1 | Bought a potion of might for 72 gold pieces
 56804 | Vaults:1 | Bought a potion of heal wounds for 90 gold pieces
 56934 | D:9      | Bought a potion of heal wounds for 75 gold pieces
 57302 | Tomb:2   | Noticed Mennas
 57307 | Tomb:2   | Noticed a royal mummy
 57308 | Tomb:2   | Killed Mennas
 57313 | Tomb:2   | Killed a royal mummy
 57314 | Tomb:2   | Noticed a royal mummy
 57315 | Tomb:2   | Noticed a royal mummy
 57319 | Tomb:2   | Noticed a royal mummy
 57320 | Tomb:2   | Killed a royal mummy
 57322 | Tomb:2   | Killed a royal mummy
 57322 | Tomb:2   | Killed a royal mummy
 57324 | Tomb:2   | Upgraded the game from 0.31.0-10-gcf4a605ca0 to
                  | 0.31.0-11-ge490571c62
 58139 | Tomb:1   | Noticed a royal mummy
 58139 | Tomb:1   | Noticed a royal mummy
 58140 | Tomb:1   | Noticed a royal mummy
 58141 | Tomb:1   | Killed a royal mummy
 58143 | Tomb:1   | Killed a royal mummy
 58147 | Tomb:1   | Killed a royal mummy
 58147 | Tomb:1   | Reached skill level 27 in Unarmed Combat
 58236 | Tomb:1   | Noticed a royal mummy
 58247 | Tomb:1   | Killed a royal mummy
 58551 | Tomb:1   | Noticed a royal mummy
 58556 | Tomb:1   | Killed a royal mummy
 58590 | Tomb:1   | Noticed a royal mummy
 58593 | Tomb:1   | Killed a royal mummy
 58596 | Tomb:1   | Noticed a royal mummy
 58603 | Tomb:1   | Killed a royal mummy
 58635 | Tomb:1   | Noticed a royal mummy
 58641 | Tomb:1   | Killed a royal mummy
 58655 | Tomb:1   | Noticed a royal mummy
 58659 | Tomb:1   | Noticed a royal mummy
 58665 | Tomb:1   | Killed a royal mummy
 58666 | Tomb:1   | Noticed a royal mummy
 58666 | Tomb:1   | Killed a royal mummy
 58669 | Tomb:1   | Noticed a royal mummy
 58670 | Tomb:1   | Killed a royal mummy
 58674 | Tomb:1   | Noticed a royal mummy
 58679 | Tomb:1   | HP: 2/217 [royal mummy/divine providence (13)]
 59154 | Tomb:1   | Killed a royal mummy
 59226 | Tomb:1   | Killed a royal mummy
 59328 | Tomb:1   | Noticed a royal mummy
 59330 | Tomb:1   | Noticed a royal mummy
 59330 | Tomb:1   | Killed a royal mummy
 59332 | Tomb:1   | Killed a royal mummy
 59390 | Tomb:3   | Entered Level 3 of the Tomb of the Ancients
 59402 | Tomb:3   | Noticed a royal mummy
 59402 | Tomb:3   | Noticed a royal mummy
 59405 | Tomb:3   | Noticed a royal mummy
 59408 | Tomb:3   | Killed a royal mummy
 59408 | Tomb:3   | Found the +7 Spriggan's Knife {stab, EV+4 Stlth+}
 59435 | Zig:1    | Entered Level 1 of a ziggurat
 59677 | Zig:2    | Entered Level 2 of a ziggurat
 59717 | Tomb:3   | Noticed a royal mummy
 59721 | Tomb:3   | Killed a royal mummy
 59731 | Tomb:3   | Killed a royal mummy
 59737 | Tomb:3   | Killed a royal mummy
 60075 | Tomb:3   | Noticed a royal mummy
 60126 | Tomb:3   | Noticed a royal mummy
 60127 | Tomb:3   | Noticed a royal mummy
 60128 | Tomb:3   | Killed a royal mummy
 60130 | Tomb:3   | Killed a royal mummy
 60133 | Tomb:3   | Noticed a royal mummy
 60135 | Tomb:3   | Killed a royal mummy
 60142 | Tomb:3   | Noticed a royal mummy
 60148 | Tomb:3   | Killed a royal mummy
 60155 | Tomb:3   | Got a golden rune of Zot
 60181 | Tomb:3   | Killed a royal mummy
 60714 | Tomb:3   | Identified the +11 whip of Balance {venom, ^Drain rC++
                  | Int+2}
 60715 | Tomb:3   | Identified the staff "Ledwin" {rC+ Will+ SInv Earth}
 60728 | Tomb:3   | Identified the staff of the Lamprey {rF+ rC+ rN+ Will-
                  | Necro Ice}
 61238 | Zot:1    | Entered Level 1 of the Realm of Zot
 61408 | D:14     | Bought a scroll of revelation for 105 gold pieces
 62464 | Zot:2    | Noticed an ancient lich
 62469 | Zot:2    | Killed an ancient lich
 62531 | Zot:2    | Noticed a dread lich
 62542 | Zot:2    | Killed a dread lich
 63653 | Zot:3    | Identified the ring "Beweth Uhewk" {rF+ rN+ Str+6 Stlth-}
 64380 | Zot:4    | Reached skill level 27 in Shapeshifting
 64426 | Zot:4    | Identified the +2 leather armour of Thoughtfulness {rN+
                  | Will+ Dex+3}
 64832 | Zot:5    | Entered Level 5 of the Realm of Zot
 65054 | Zot:5    | Noticed a dread lich
 65056 | Zot:5    | Noticed an ancient lich
 65059 | Zot:5    | Noticed an orb of fire
 65059 | Zot:5    | Killed an ancient lich
 65059 | Zot:5    | Killed a dread lich
 65063 | Zot:5    | Gained mutation: You are frail. (-10% HP) [an orb of fire]
 65064 | Zot:5    | Killed an orb of fire
 65069 | Zot:5    | Reached skill level 27 in Fighting
 65070 | Zot:5    | Noticed a dread lich
 65072 | Zot:5    | Found the amulet of the Air {Inacc Air Fly rElec RMsl}
 65072 | Zot:5    | Killed a dread lich
 65075 | Zot:5    | Noticed an ancient lich
 65079 | Zot:5    | Killed an ancient lich
 65108 | Zot:5    | Got the Orb of Zot
 65111 | Zot:5    | Noticed an orb of fire
 65111 | Zot:5    | Noticed an orb of fire
 65112 | Zot:5    | Noticed an ancient lich
 65115 | Zot:5    | Killed an orb of fire
 65117 | Zot:5    | Noticed an orb of fire
 65117 | Zot:5    | Killed an orb of fire
 65118 | Zot:5    | Killed an ancient lich
 65121 | Zot:5    | Noticed an ancient lich
 65122 | Zot:5    | Killed an orb of fire
 65124 | Zot:5    | Noticed an ancient lich
 65126 | Zot:5    | Noticed an ancient lich
 65130 | Zot:5    | Killed an ancient lich
 65137 | Zot:5    | Killed an ancient lich
 65546 | D:9      | Noticed Afuqex the pandemonium lord
 65610 | D:6      | Noticed Epamioja the pandemonium lord
 65610 | D:6      | Killed Epamioja the pandemonium lord
 65712 | D:$      | Escaped with the Orb!

Illustrated notes

Levels and vault maps discovered:
D:1:      erik_arrival_blinker_ship, layout_basic, minmay_indecisive_spiral
D:2:      layout_rooms, serial_shops, nicolae_shop_just_a_little_nook,
          serial_glass, glass_columns_a, glass_columns_a, glass_columns_b,
          glass_columns_a, minmay_gold_behind_fungi, grunt_ministairs_7,
          kennysheep_generic_room_14, uniq_sigmund, uniq_terence
D:3:      layout_basic, mainiacjoe_overflow_24_doors, gammafunk_ghost_cemetery,
          uniq_crazy_yiuf_cottage, uniq_ijyb
D:4:      nicolae_cairo_tiling_large, layout_loops_ring,
          mainiacjoe_overflow_tiny_flanked, lemuel_round_altar,
          chequers_temple_overflow_statue_of_worship,
          minmay_temple_entry_slanted, uniq_menkaure
D:5:      layout_loops_corners, gup_ossuary_entry_pyramid
D:6:      layout_basic, hellmonk_overflow_destroyed_library,
          regret_index_kikubaaqudgha_part_by_part, uniq_eustachio
D:7:      layout_gridville, serial_shops, nicolae_shop_behind_doors
D:8:      layout_loops_ring, okawaru_trees_1, gammafunk_temple_overflow_claw,
          uniq_grum, uniq_psyche
D:9:      minmay_the_grid_net [minmay_the_grid_spin_star,
          minmay_the_grid_medium_cups, minmay_the_grid_expand,
          minmay_the_grid_outer_circle, minmay_the_grid_dragon_b,
          minmay_the_grid_prize_four_corners_diamond_a], layout_small_grid,
          nicolae_wu_jian_immortal_techniques,
          mainiacjoe_overflow_catch_the_wave, orc_0_dummy, serial_shops,
          nicolae_shop_hallway_plus, nrook_uturn, grunt_ministairs_8,
          st_stairs_14
D:10:     layout_loops_ring, slow_altar_2
D:11:     layout_small_grid, due_lair_maze_entry_diamond, serial_undead,
          serial_undead_e, serial_undead_a, serial_undead_d, serial_undead_b
D:12:     cheibrodos_fzero, layout_basic, chequers_serial_rivers_micro_d,
          moated_statue, uniq_josephine, uniq_rupert
D:13:     layout_basic, hangedman_vaults_entry_quadrant_bands
D:14:     layout_gridville, serial_shops, shop,
          nicolae_gozag_cash_rules_everything_around_me
D:15:     grunt_enter_depths_snipers, layout_cave_pools,
          dreamdust_mushroom_princess, minmay_circle_x
Temple:   nicolae_temple_two_arcs
Lair:1:   layout_cave_pods, basic_altar, grunt_forest_large_clearing_hut,
          uniq_amaemon
Lair:2:   cheibrodos_lair_overgrown_chateau, layout_chaotic_city,
          minmay_shoals_entry_lonely_mermaid,
          hellmonk_spider_entry_life_and_decay, minivault_26
Lair:3:   layout_roguey, nicolae_lair_grazing_beasts
          [nicolae_sub_lair_graze_edge, nicolae_sub_lair_graze_edge,
          nicolae_sub_lair_graze_edge, nicolae_sub_lair_graze_edge],
          infiniplex_staircase_pool
Lair:4:   layout_small_grid
Lair:5:   evilmike_catoblepas_cave, layout_loops_ring,
          minmay_slime_entry_pillars, chequers_serial_rivers_micro_c,
          hellmonk_guarded_unrand_seven_league_boots
Shoals:1: layout_shoals
Shoals:2: layout_shoals, uniq_polyphemus
Shoals:3: layout_shoals, nzn_prometheus_bound, uniq_mara, uniq_bai_suzhen
Shoals:4: shoals_end_hangedman, layout_shoals
Spider:1: layout_chambers, nicolae_spider_rock_and_or_roll
Spider:2: layout_chambers, portal_ice_cave_entry_pillars_three
Spider:3: layout_spider_delve, uniq_mlioglotl
Spider:4: hellmonk_spider_rune_bug_friends, nicolae_spider_stair_cavern
Slime:1:  layout_caves
Slime:2:  layout_caves
Slime:3:  layout_caves, uniq_dissolution
Slime:4:  layout_caves, cheibrodos_slime_lost_civilization_4
Slime:5:  slime_pit_nicolae_royal_road_to_ruin
Orc:1:    lemuel_ogre_cave, layout_diamond_mine, serial_shops, shop, shop,
          nicolae_orc_beogh_chapel, trog_butcher_becter
Orc:2:    kennysheep_orc_mage_school, layout_caves, serial_shops, shop,
          nicolae_orc_stony_grotto, uniq_jorgrun
Elf:1:    elf_arrival_001, layout_loops_corners, minmay_elf_demonology,
          lemuel_statue_altar
Elf:2:    nicolae_elf_blades_splatter_lattice
          [nicolae_blade_entry_crossed_weapons], layout_rooms,
          grunt_ministairs_10, einodemon_crawler_minivault, uniq_saint_roka
Elf:3:    elf_hall_gauntlet_narrow, layout_geoelf_diagonals
Vaults:1: v_misc_17, nicolae_vaults_double_plus_3, v_misc_4,
          hangedman_vaults_stretched_pinwheel, nicolae_vaults_shrinking_rooms_1,
          vaults_room_corners, nicolae_vaults_tetromino_T_1, v_misc_25,
          v_misc_11, v_rooms_6, dpeg_vaults_monster_row,
          nicolae_vaults_surprise_closet_hard, ontoclasm_vaults_loading_screen,
          nicolae_vaults_specimen_jars, nicolae_vaults_double_plus_1,
          layout_vaults_omnibox, serial_shops, shop, nicolae_shop_behind_doors,
          nicolae_shop_rolling_square
Vaults:2: ebering_ghost_rock_garden, nicolae_vaults_shock_wave,
          vaults_dpeg_cross, v_misc_29, nicolae_vaults_tetromino_Z_2,
          vaults_mumra_hex, v_misc_25, v_misc_11, ontoclasm_vaults_ring_square,
          ontoclasm_vaults_misaligned, nicolae_vaults_two_Ls,
          vaults_dpeg_encased_lava, layout_vaults_ring
Vaults:3: mu_enter_wizlab_1, nicolae_vaults_hallways_thing,
          minmay_crypt_entry_simple_box, nicolae_vaults_octothorpe,
          dpeg_vaults_monster_box, v_rooms_6, grunt_vaults_bifocal,
          nicolae_vaults_mush_room, nicolae_vaults_little_squares_3,
          nicolae_vaults_double_plus_3, hangedman_vaults_cutoff, v_rooms_1,
          ontoclasm_vaults_misaligned, layout_vaults_maze, serial_shops,
          bzr_entry_dummy, uniq_xtahua
Vaults:4: nicolae_vaults_what_the_h, nicolae_vaults_trapezoid_lopsided_1,
          hangedman_vaults_stagger, nicolae_vaults_tetromino_Z_1, v_misc_29,
          vaults_room_door_ring, vaults_mumra_minichess_inversion,
          st_more_cells, nicolae_vaults_double_plus_1, v_misc_18,
          vaults_room_corners, layout_vaults_quadrants
Vaults:5: serial_shops, uniq_sojobo
Crypt:1:  hangedman_staggered_hall, layout_chaotic_city, minmay_misc_feat_cross,
          grunt_ministairs_3, minivault_11, uniq_jory
Crypt:2:  evilmike_wizard_prison, layout_chaotic_city, serial_glass,
          glass_columns_a, glass_columns_a
Crypt:3:  due_elkab, layout_chaotic_city, nicolae_tomb_entry_grand_gallery,
          basic_altar, st_vampire_maze
Tomb:1
Tomb:2:   uniq_mennas
Tomb:3
Depths:1: minmay_spriggan_fort, layout_basic, nicolae_uskayaw_dance_hall,
          hell_entry, grunt_decor_arrowhead, minmay_fractal_squares_diagonal_5,
          serial_bayou_shore_b
Depths:2: grated_community_mu [grated_community_mu_vampire_home,
          grated_community_mu_giant_home, grated_community_mu_spellcaster_home,
          grated_community_mu_orcish_home, grated_community_mu_troll_home,
          grated_community_mu_taur_home, grated_community_mu_unbuilt_plot],
          layout_basic, pan_entry, hell_entry, hex_medium,
          abyss_entry_glasseish, grunt_decor_clamped,
          infiniplex_staircase_split_hallway
Depths:3: minmay_slanted_spiral_squares, layout_gridlike, ziggurat_fallback,
          serial_library_hellmonk_hallway_a, hell_entry,
          hangedman_abyss_entry_splay
Depths:4: evilmike_zot_entry_basic, layout_gridville, special_room
          [special_room_mythical_zoo], hell_entry, chequers_hall_statues_wall_a
Zot:1:    layout_basic, grunt_megastairs_4
Zot:2:    hangedman_snap_crack_crunch, layout_cathedral_of_symmetry,
          nicolae_tricolors
Zot:3:    layout_twisted_circle, grunt_megastairs_1
Zot:4:    nicolae_moth_party, layout_twisted_circle,
          regret_index_zotdec_ceiling_fans
Zot:5:    layout_misc_corridors

Skill      XL: |  1  2  3  4  5  6  7  8  9 10 11 12 13 14 15 16 17 18 19 20 21 22 23 24 25 26 27 |
---------------+----------------------------------------------------------------------------------+-----
Stealth        | 1 2 3 4 8 10 13 15 17 26 | 26.6
Unarmed Combat | 3 9 10 11 13 14 16 17 18 20 21 22 23 24 25 27 | 27.0
Fighting       | 9 10 11 13 14 16 17 18 19 20 21 22 23 24 27 | 27.0
Dodging        | 4 5 6 7 8 9 10 11 12 13 14 15 17 24 | 24.0
Shields        | 4 |  4.0
Shapeshifting  | 2 3 4 5 10 11 12 15 18 20 21 22 23 24 27 | 27.0
Evocations     | 4 |  4.0

Action                     |  1- 3 |  4- 6 |  7- 9 | 10-12 | 13-15 | 16-18 | 19-21 | 22-24 | 25-27 || total
---------------------------+-------+-------+-------+-------+-------+-------+-------+-------+-------++-------
  Melee: Unarmed           |    74 |    15 |   269 |   405 |   787 |   905 |   601 |   985 |  1854 ||  5895
         Tentacles         |    14 |     2 |    47 |    92 |   162 |   184 |    21 |       |       ||   522
         Constrict         |    16 |     4 |    72 |    51 |    78 |   198 |     7 |       |       ||   426
         Punch             |     3 |       |    25 |    41 |    65 |   122 |    65 |   102 |   313 ||   736
         Maw               |       |       |       |     9 |   277 |   275 |    24 |       |       ||   585
  Throw: Stone             |       |       |     3 |       |       |       |       |       |       ||     3
         Boomerang         |       |       |     4 |    12 |    15 |     1 |       |       |       ||    32
 Invoke: Serpent's Lash    |       |       |       |       |     3 |     4 |     2 |       |    10 ||    19
         Heavenly Storm    |       |       |       |       |     2 |     5 |     4 |     5 |     9 ||    25
Ability: Lunge             |       |       |       |    25 |    83 |   174 |    82 |   142 |   369 ||   875
         Whirlwind         |       |       |       |     1 |   132 |   234 |   226 |   505 |   743 ||  1841
         Wall Jump         |       |       |       |       |    38 |    29 |    33 |    11 |    44 ||   155
  Evoke: Wand              |       |       |    11 |     8 |    10 |    20 |     5 |     1 |     5 ||    60
         Figurine of a zig |       |       |       |       |       |       |       |       |     1 ||     1
    Use: Scroll            |     1 |     5 |    10 |    10 |     5 |     8 |     4 |     6 |    24 ||    73
         Potion            |       |     1 |     2 |    14 |    12 |     4 |     4 |       |    64 ||   101
   Stab: Sleeping          |     6 |       |    24 |     9 |    20 |    39 |     9 |    44 |    92 ||   243
         Distracted        |       |       |       |     3 |     3 |     2 |     2 |     6 |    32 ||    48
         Paralysed         |       |       |       |     6 |       |       |     1 |       |     2 ||     9
         Invisible         |       |       |       |     6 |       |       |       |       |    58 ||    64
 Armour: Skin              |    23 |     6 |   112 |   213 |   231 |   231 |    90 |   113 |   151 ||  1170
  Dodge: Dodged            |    35 |     8 |   108 |   191 |   272 |   384 |   467 |   538 |   794 ||  2797
  Block: Buckler           |    10 |     3 |    45 |    85 |   131 |   113 |    18 |       |       ||   405
   Form: Maw               |       |       |       |     1 |       |     1 |       |       |       ||     2
         Serpent           |       |       |       |       |       |     1 |       |       |       ||     1
         Storm             |       |       |       |       |       |       |     1 |       |       ||     1
